 Dungeon Crawl Stone Soup version 0.31-a0-596-g831eee08f1 (webtiles) character file.

Game seed: 4547912101272442228

3 thirtiethelement the Trooper (level 1, 0/18 HPs)
             Began as a Demonspawn Cinder Acolyte on Aug 20, 2023.
             Was a High Priest of Ignis.
             Frozen to death by an endoplasm (3 damage)
             ... on level 1 of the Dungeon.
             The game lasted 00:00:06 (43 turns).

thirtiethelement the Trooper (DsCA)                   Turns: 43, Time: 00:00:09

Health: 0/18       AC:  2    Str: 14    XL:     1   Next: 41%
Magic:  2/2        EV: 11    Int: 15    God:    Ignis [*****.]
Gold:   20         SH:  0    Dex:  8    Spells: 2/2 levels left

rFire   + . .        a - -1 falchion (flame)
rCold   . . .        (no shield)
rNeg    . . .        b - +0 robe
rPois   .            (no helmet)
rElec   .            (no cloak)
rCorr   .            (no gloves)
SInv    .            (no boots)
Will    .....        (no amulet)
Stlth   +            (no ring)
HPRegen 0.23/turn    (no ring)
MPRegen 0.08/turn

%: no passive effects
@: no status effects
A: no striking features
a: Renounce Religion, Fiery Armour, Foxfire Swarm, Rising Flame


You were on level 1 of the Dungeon.
You worshipped Ignis.
Ignis was extremely pleased with you.
You visited 1 branch of the dungeon, and saw 1 of its levels.

You collected 20 gold pieces.

Inventory:

Hand Weapons
 a - a -1 falchion of flaming (weapon)
Armour
 b - a +0 robe (worn)


   Skills:
 + Level 3.0 Fighting
 + Level 2.8 Long Blades
 + Level 1.0 Spellcasting
 + Level 2.8 Fire Magic


You had 2 spell levels left.
You didn't know any spells.
Your spell library contained the following spells:

 Spells                   Type           Power      Damage    Failure   Level
 Scorch                   Fire           18%        2d5       12%         2


Dungeon Overview and Level Annotations

Branches:
Dungeon (1/15)

Altars:


Message History

An endoplasm comes into view.
You see here a giant cockroach corpse.
An endoplasm is nearby!
A goblin comes into view. It is wielding a +0 dagger.
The endoplasm quivers.
A bat comes into view.
The helpless bat fails to defend itself.
You slash the bat! You burn the bat.
You kill the bat!
The goblin barely misses you.
You hit the goblin but do no damage. The endoplasm closely misses you.
The goblin hits you with a +0 dagger. The endoplasm closely misses you.
The goblin hits you with a +0 dagger.
You barely miss the goblin. The endoplasm closely misses you.
The goblin misses you.
You closely miss the goblin. You punch the goblin.
The goblin is severely wounded.
The endoplasm misses you. The goblin hits you with a +0 dagger.
You closely miss the goblin.
The goblin is severely wounded.
The endoplasm freezes you.
You are frozen.
The goblin hits you with a +0 dagger.
You are too injured to fight recklessly!
You are too injured to fight recklessly!
You are too injured to fight recklessly!
You closely miss the goblin.
The goblin is severely wounded.
The endoplasm barely misses you. The goblin hits you with a +0 dagger.
You hit the goblin. You burn the goblin.
You kill the goblin!
The endoplasm freezes you.
You are frozen.
You hit the endoplasm. You burn the endoplasm.
The endoplasm is moderately wounded.
The endoplasm freezes you.
You are frozen.
* * * LOW HITPOINT WARNING * * *
The endoplasm freezes you.
You are frozen.
You die...

.# .# .# .##### ..
#.. #####.# #.# # #
#..†)J###.# .#.
##@..##.#.#.###+###
#.###.#.#.#.#.....#
#.#####.#.#.#.....#
#†#.'.'.#.#.'..<..+
##..###.#.#.#.....#
##.# #.#.#.#.....#
#.# #.#.#.###+###
#.# #.##.#.......
#.# #.#.#########


You could see an endoplasm.

Vanquished Creatures
  A giant cockroach (D:1)
  A goblin (D:1)
  A bat (D:1)
3 creatures vanquished.

Notes
Turn   | Place    | Note
-------+----------+-------------------------------------------
     0 | D:1      | thirtiethelement the Demonspawn Cinder Acolyte began the
                  | quest for the Orb.
     0 | D:1      | Reached XP level 1. HP: 18/18 MP: 2/2
    43 | D:1      | Frozen to death by an endoplasm

Illustrated notes

Levels and vault maps discovered:
D:1:      matt_arrival_los_fun, layout_loops_ring,
          dreamdust_ecumenical_altar_grove

Action                     || total
---------------------------++-------
  Melee: Falchion          ||    12
         Punch             ||     1
   Stab: Sleeping          ||     1
 Armour: Robe              ||     2
  Dodge: Dodged            ||     9

Table legend: (Time is in decaauts)
 A = Elapsed time spent in this place.
 B = Non-inter-level travel time spent in this place.
 C = Inter-level travel time spent in this place.
 D = Time resting spent in this place.
 E = Time spent auto-exploring this place.
 F = Levels seen in this place.
 G = Mean time per level.
                   A        B        C        D        E       F      G
               +--------+--------+--------+--------+--------+-----+--------+
         Total |     44 |     44 |      0 |      0 |     26 |   1 |   44.0 |
       Dungeon |     44 |     44 |      0 |      0 |     26 |   1 |   44.0 |
               +--------+--------+--------+--------+--------+-----+--------+

Top non-repeatable levels by time:
     D:1: 44 daAuts
